 Dungeon Crawl Stone Soup version 0.27.0-1-g7a089689b8 (webtiles) character file.

Game seed: 4207175208485518424

7065 GordonOverkill the Thrower (level 10, -3/88 HPs)
             Began as a Deep Elf Brigand on Aug 8, 2021.
             Was an Elder of Okawaru.
             Slain by an orc warrior (18 damage)
             ... on level 8 of the Dungeon.
             The game lasted 00:30:06 (9443 turns).

GordonOverkill the Thrower (Deep Elf Brigand)       Turns: 9443, Time: 00:30:07

Health: -3/88      AC:  6    Str:  9 (11) XL:     10   Next: 83%
Magic:  15/15      EV: 13    Int: 16 (17) God:    Okawaru [****..]
Gold:   372        SH: 10    Dex: 15 (16) Spells: 9/9 levels left

rFire    + . .     SeeInvis .   j - +3 dagger (elec)
rCold    . . .     Faith    .   B - +0 kite shield
rNeg     . . .     Spirit   .   e - +2 animal skin
rPois    .         Reflect  .   m - +0 helmet
rElec    .         Harm     .   c - +0 cloak
rCorr    .         Rampage  .   (no gloves)
Will     +....                  (no boots)
Stlth    ..........             (no amulet)
HPRegen  0.24/turn              x - ring of protection from fire
MPRegen  0.14/turn              (no ring)

@: berserking, heroic, very quick
A: no striking features
a: Renounce Religion, Heroism


You were on level 8 of the Dungeon.
You worshipped Okawaru.
Okawaru was greatly pleased with you.
You visited 1 branch of the dungeon, and saw 8 of its levels.

You collected 372 gold pieces.

Inventory:

Hand Weapons
 a - a +2 dagger
 j - a +3 dagger of electrocution (weapon)
 F - a +0 rapier
Missiles
 q - 8 boomerangs (quivered)
Armour
 c - a +0 cloak (worn)
 e - a +2 animal skin (worn)
 m - a +0 helmet (worn)
 B - a +0 kite shield (worn)
Jewellery
 t - a +6 ring of intelligence
 v - a ring of magical power
 w - a ring of wizardry
 x - a ring of protection from fire (left hand)
Scrolls
 l - a scroll of vulnerability {unknown}
 n - a scroll of torment {unknown}
 o - a scroll of immolation
 r - a scroll of holy word {unknown}
 y - a scroll of noise {unknown}
 A - a scroll of brand weapon {unknown}
 D - a scroll of fog {unknown}
 E - a scroll of enchant armour {unknown}
Potions
 f - 2 potions of resistance
 p - 3 potions of magic
 s - a potion of ambrosia
 u - 2 potions of berserk rage
 z - a potion of flight


   Skills:
 + Level 5.5(10.5) Fighting
 * Level 9.1(14.1) Short Blades
 + Level 11.8(16.8) Throwing
 - Level 1.2(6.2) Dodging
 - Level 5.0(10.0) Stealth
 + Level 3.0(8.0) Shields
 - Level 5.0 Invocations


You had 9 spell levels left.
You didn't know any spells.
Your spell library contained the following spells:

 Spells                   Type           Power      Damage    Failure   Level
 Animate Skeleton         Necr           0%         N/A       52%         1
 Corona                   Hex            0%         N/A       52%         1
 Pain                     Necr           0%         1d4       52%         1
 Ensorcelled Hibernation  Hex/Ice        0%         N/A       67%         2
 Slow                     Hex            0%         N/A       67%         2
 Call Canine Familiar     Summ           0%         N/A       88%         3
 Confusing Touch          Hex            0%         N/A       88%         3
 Portal Projectile        Hex/Tloc       0%         N/A       88%         3
 Tukima's Dance           Hex            0%         N/A       88%         3
 Vampiric Draining        Necr           0%         2d6       88%         3
 Leda's Liquefaction      Hex/Erth       0%         N/A       99%         4
 Blade Hands              Tmut           0%         N/A       100%        5
 Irradiate                Conj/Tmut      0%         3d13      100%        5
 Iskenderun's Battlesphe  Conj           0%         2d6       100%        5
 Iron Shot                Conj/Erth      0%         9d1       100%        6
 Dragon Form              Tmut           0%         N/A       100%        7
 Spellforged Servitor     Conj/Summ      0%         N/A       100%        7


Dungeon Overview and Level Annotations

Branches:
Dungeon (8/15)
 Temple: D:4-7         Lair: D:8-11

Altars:
Kikubaaqudgha
Okawaru
Qazlal
Ru
Uskayaw
Zin

Annotations:
D:2 Sigmund


Message History

Throw: 8 boomerangs
Press: ? - help, Q - select action, (/) - cycle Shift-Dir - straight line, f/p - orc warrior
Aim: an orc warrior, wielding a +0 halberd and wearing a +0 chain mail (moderately wounded, 69% to hit)
You throw a boomerang.
The boomerang barely misses the orc warrior.
You block the orc warrior's attack.
Throw: 8 boomerangs
Press: ? - help, Q - select action, (/) - cycle Shift-Dir - straight line, f/p - orc warrior
Aim: an orc warrior, wielding a +0 halberd and wearing a +0 chain mail (moderately wounded, 69% to hit)
You throw a boomerang.
The boomerang barely misses the orc warrior.
The orc warrior hits you from afar with a +0 halberd.
* * * LOW HITPOINT WARNING * * *
Okay, then.
Throw: 8 boomerangs
Press: ? - help, Q - select action, (/) - cycle Shift-Dir - straight line, f/p - orc warrior
Aim: an orc warrior, wielding a +0 halberd and wearing a +0 chain mail (moderately wounded, 69% to hit)
You throw a boomerang.
The boomerang closely misses the orc warrior.
You block the orc warrior's attack.
Throw: 8 boomerangs
Press: ? - help, Q - select action, (/) - cycle Shift-Dir - straight line, f/p - orc warrior
Aim: an orc warrior, wielding a +0 halberd and wearing a +0 chain mail (moderately wounded, 69% to hit)
You throw a boomerang.
The boomerang barely misses the orc warrior.
Throw: 8 boomerangs
Press: ? - help, Q - select action, (/) - cycle Shift-Dir - straight line, f/p - orc warrior
Aim: an orc warrior, wielding a +0 halberd and wearing a +0 chain mail (moderately wounded, 69% to hit)
You throw a boomerang.
The boomerang barely misses the orc warrior.
You feel less wooden.
Your +0 cloak unmelds from your body.
Your +0 helmet unmelds from your body.
Your +2 animal skin unmelds from your body.
You block the orc warrior's attack.
A red film seems to cover your vision as you go berserk!
You feel yourself moving faster!
You feel mighty! The orc warrior closely misses you.
You feel a strong urge to attack something.
The orc warrior hits you with a +0 halberd!!
You die...

...............
#.............
#.$.y.........
.##.............
................
#.......<.......
#.....##†.......
#.............#.
#......@...####
.......o...#
............#
............#
..............
#.......)......
.......(.......
...o...........


You could see an orc warrior and an orc.

Vanquished Creatures
  A two-headed ogre (D:6)
  Eustachio (D:6)
  2 vampire mosquitoes (D:5)
  Menkaure (D:6)
  4 water moccasins
  Duvessa (D:6)
  Edmund (D:4)
  2 sky beasts
  2 ogres
  2 phantoms
  A bullfrog (D:8)
  Blork the orc (D:4)
  A gnoll sergeant (D:4)
  2 scorpions
  Dowan (D:6)
  A wyvern skeleton (D:6)
  A water moccasin skeleton (D:5)
  2 howler monkeys (D:7)
  A centaur zombie (D:5)
  2 bullfrog skeletons
  6 hounds
  A centaur skeleton (D:5)
  A jelly (D:6)
  2 iguanas (D:4)
  A scorpion zombie (D:4)
  An orc wizard (D:4)
  A hound zombie (D:5)
  Robin (D:1)
  11 gnolls
  7 adders
  A shadow imp (D:4)
  4 worms
  5 dart slugs
  12 orcs
  10 ball pythons
  5 bats
  6 endoplasms
  3 giant cockroaches
  15 goblins
  15 hobgoblins
  2 jackals (D:1)
  3 quokkas
  A frilled lizard (D:1)
  6 kobolds
  7 rats
157 creatures vanquished.

Notes
Turn   | Place    | Note
-------+----------+-------------------------------------------
     0 | D:1      | GordonOverkill the Deep Elf Brigand began the quest for the
                  | Orb.
     0 | D:1      | Reached XP level 1. HP: 12/12 MP: 3/3
   111 | D:1      | Reached skill level 5 in Stealth
   128 | D:1      | Reached XP level 2. HP: 14/17 MP: 4/4
   588 | D:1      | Reached XP level 3. HP: 21/21 MP: 5/5
  1582 | D:2      | Noticed Robin
  1629 | D:1      | Reached XP level 4. HP: 21/27 MP: 6/6
  1714 | D:1      | Reached skill level 3 in Throwing
  1761 | D:1      | Killed Robin
  2099 | D:2      | Noticed Sigmund
  2985 | D:3      | Found a stormy altar of Qazlal.
  2999 | D:3      | Found a glowing silver altar of Zin.
  3139 | D:3      | Found an iron altar of Okawaru.
  3622 | D:3      | Became a worshipper of Warmaster Okawaru
  3713 | D:3      | Reached XP level 5. HP: 30/31 MP: 7/7
  4006 | D:4      | Noticed Edmund
  4023 | D:4      | Killed Edmund
  4024 | D:4      | Reached skill level 1 in Invocations
  4105 | D:4      | Reached XP level 6. HP: 31/36 MP: 8/8
  4716 | D:4      | Reached * piety under Okawaru
  4717 | D:4      | Reached skill level 4 in Throwing
  4815 | D:4      | Reached skill level 5 in Short Blades
  4815 | D:4      | Reached XP level 7. HP: 41/41 MP: 10/10
  4827 | D:4      | You fall into a shaft and drop 1 floor!
  4827 | D:5      | Entered Level 5 of the Dungeon
  5412 | D:5      | Noticed a vampire mosquito
  5577 | D:5      | Reached ** piety under Okawaru
  5578 | D:5      | Reached XP level 8. HP: 32/48 MP: 12/12
  5942 | D:5      | Found a hide-covered altar of Uskayaw.
  5954 | D:5      | Found an ancient bone altar of Kikubaaqudgha.
  6128 | D:5      | Reached skill level 5 in Throwing
  6552 | D:4      | Noticed Blork the orc
  6563 | D:4      | Killed Blork the orc
  7101 | D:6      | Noticed Menkaure
  7109 | D:6      | Killed Menkaure
  7494 | D:6      | Reached skill level 1 in Shields
  7499 | D:6      | Reached *** piety under Okawaru
  7606 | D:6      | Found a sacrificial altar of Ru.
  7655 | D:6      | Reached XP level 9. HP: 52/52 MP: 14/14
  7790 | D:6      | Reached skill level 5 in Invocations
  7800 | D:6      | Noticed Dowan
  7805 | D:6      | Noticed Duvessa
  7826 | D:6      | Killed Duvessa
  7830 | D:6      | Killed Dowan
  7833 | D:6      | Reached skill level 6 in Throwing
  7905 | D:6      | Noticed Eustachio
  8459 | D:6      | Reached skill level 5 in Fighting
  8807 | D:6      | Noticed a two-headed ogre
  8825 | D:6      | Killed a two-headed ogre
  9029 | D:6      | Killed Eustachio
  9378 | D:7      | HP: 1/54 [scorpion (5)]
  9403 | D:8      | Reached **** piety under Okawaru
  9414 | D:8      | Reached skill level 11 in Throwing
  9414 | D:8      | Reached XP level 10. HP: 15/59 MP: 12/15
  9443 | D:8      | Slain by an orc warrior

Illustrated notes

Levels and vault maps discovered:
D:1:      wander_arrival_desolate, layout_loops_cross, supply_closet_lemuel,
          minmay_misc_feat_secret_circle, chequers_garden
D:2:      layout_loops_ring, st_stairs_11, minmay_tiny_reverse_x, uniq_robin,
          uniq_sigmund
D:3:      layout_basic, mainiacjoe_overflow_large_starburst,
          lemuel_crystal_altar, kennysheep_generic_room_16
D:4:      layout_rooms, minmay_divided_ellipse, uniq_blork_the_orc, uniq_edmund
D:5:      layout_basic, mainiacjoe_overflow_big_doors,
          hangedman_decor_peaks_small, chequers_decorated_corner
D:6:      layout_layer_cave, lemuel_tele_altar, kennysheep_boxes, uniq_menkaure,
          uniq_eustachio, uniq_duvessa
D:7:      layout_rooms, temple_fountains
D:8:      layout_basic, enter_bailey_3, serial_undead, serial_undead_a,
          serial_undead_c, serial_undead_f, serial_undead_d, serial_undead_c,
          st_stairs_10

Skill      XL: |  1  2  3  4  5  6  7  8  9 |
---------------+----------------------------+-----
Stealth        | 5 |  5.0
Fighting       | 2 3 4 5 |  5.5
Throwing       | 3 4 5 11 | 11.8
Short Blades   | 3 4 5 6 7 9 |  9.1
Invocations    | 1 2 3 4 5 |  5.0
Shields        | 1 3 |  3.0
Dodging        | |  1.2

Action                   |  1- 3 |  4- 6 |  7- 9 | 10-12 || total
-------------------------+-------+-------+-------+-------++-------
Melee: Dagger            |   101 |    90 |   234 |       ||   425
Throw: Dart              |    67 |   109 |    66 |       ||   242
       Boomerang         |       |       |    55 |    12 ||    67
       Throwing net      |       |       |     6 |       ||     6
Invok: Heroism           |       |       |     3 |       ||     3
  Use: Potion            |       |       |     7 |     2 ||     9
       Scroll            |       |       |    13 |     1 ||    14
 Stab: Sleeping          |     1 |     2 |     5 |       ||     8
       Held in net/web   |       |       |     3 |       ||     3
       Distracted        |       |       |     1 |       ||     1
Armor: Robe              |    13 |       |       |       ||    13
       Scale mail        |    13 |     2 |       |       ||    15
       Animal skin       |       |    18 |    45 |       ||    63
       Skin              |       |       |     2 |       ||     2
Dodge: Dodged            |    39 |    41 |    68 |     1 ||   149
Block: Kite shield       |       |       |    36 |     5 ||    41
